 Dungeon Sprint DCSS version 0.23.2-1-ga50397a6bc (webtiles) character file.

Game seed: 5131462035436668302

4557 Kobolds4U the Cleaver (level 10, -11/104 HPs)
             Began as a Minotaur Berserker on May 20, 2019.
             Was the Champion of Trog.
             Killed from afar by a deep elf mage (26 damage)
             ... with a stone arrow
             ... in the Dungeon (Sprint III: "The Ten Rune Challenge").
             The game lasted 00:07:12 (1618 turns).

Kobolds4U the Cleaver (Minotaur Berserker)          Turns: 1618, Time: 00:07:13

Health: -11/104    AC: 11    Str: 22    XL:     10   Next: 18%
Magic:  0/3        EV: 14    Int:  4    God:    Trog [******]
Gold:   2374       SH:  0    Dex: 13    Spells: 9/9 levels left

rFire    . . .     SeeInvis .   u - +4 broad axe (antimagic)
rCold    . . .     Gourm    .   (no shield)
rNeg     . . .     Faith    .   x - +0 chain mail
rPois    .         Spirit   +   (helmet restricted)
rElec    .         Reflect  .   q - scarf {Spirit}
rCorr    .         Harm     .   (no gloves)
MR       .....     NoTele   +   (no boots)
Stlth    ..........             (no amulet)
HPRegen  0.27/turn              (no ring)
MPRegen  0.08/turn              (no ring)

@: lethally poisoned (-11 -> -32)
A: retaliatory headbutt, horns 2, talons 1, wild magic 1
a: Berserk, Trog's Hand, Brothers in Arms, Renounce Religion


You were in the Dungeon.
You worshipped Trog.
Trog was exalted by your worship.
You were not hungry.

You visited 1 branch You collected 2419 gold pieces.
You spent 45 gold pieces at shops.

Inventory:

Hand Weapons
 a - a +0 hand axe
 k - a +1 long sword of holy wrath
 u - a +4 antimagic broad axe (weapon)
 v - a +4 hunting sling of freezing
Missiles
 t - 2 javelins of penetration (quivered)
Armour
 b - a +0 animal skin
 q - a scarf of spirit shield (worn)
 x - a +0 chain mail (worn)
 y - a +0 plate armour
Wands
 r - a wand of iceblast (9)
Scrolls
 i - a scroll of blinking
 l - a scroll of immolation {unknown}
 m - 2 scrolls of identify {unknown}
 n - 4 scrolls of remove curse
 p - a scroll of holy word {unknown}
Potions
 d - 2 potions of curing
 e - a potion of heal wounds
 f - a potion of haste
 g - 2 potions of magic
 h - a potion of berserk rage
 j - a potion of brilliance {unknown}
 o - 2 potions of ambrosia {unknown}
Miscellaneous
 s - a lightning rod (4/4)
Comestibles
 c - 3 rations


   Skills:
 + Level 14.3 Fighting
 - Level 14.9 Axes
 + Level 10.5 Throwing
 * Level 8.7 Armour
 - Level 12.2 Dodging


You had 9 spell levels left.
You didn't know any spells.
Your spell library was empty.

Dungeon Overview and Level Annotations

Branches:
Dungeon (1/1)

Altars:
Cheibriados
Dithmenos
Elyvilon
Fedhas
Gozag
Hepliaklqana
Kikubaaqudgha
Makhleb
Nemelex Xobeh
Okawaru
Qazlal
Ru
Sif Muna
Trog
Uskayaw
Vehumet
Wu Jian
Xom
Yredelemnul
Zin
The Shining One
Beogh
Jiyva
Lugonu

Shops:
D ?


Innate Abilities, Weirdness & Mutations

You reflexively headbutt those who attack you in melee.
You have a pair of horns on your head.
You have sharp toenails.
Your spells are a little harder to cast, but a little more powerful.


Message History

Your Armour skill increases to level 8!
You feel sick.
You feel very sick.
The deep elf mage gestures at you while chanting.
The bolt of magma hits you!!
* * * LOW HITPOINT WARNING * * *
Items here: )))) [[ †† You miss the deep elf mage.
You claw the deep elf mage, but do no damage.
Your headbutt misses the deep elf mage.
* * * LOW HITPOINT WARNING * * *
You feel sick.
The deep elf mage hits you but does no damage.
You barely miss the deep elf mage. You claw the deep elf mage.
The deep elf mage is lightly wounded.
* * * LOW HITPOINT WARNING * * *
You feel sick. The deep elf mage casts a spell at you.
The stone arrow hits you!!
You die...

▓▓▓▓▓ ▓▓▓
#######.#.####.#######***********
_#__#...∩#..#..'.#...#*,,,,+,,,,,
.#)_#.........##.#...##≈≈≈≈**,,**
##†##........###)#...≈≈≈,,,,,,,,*
...v#........# #@#...##≈≈≈≈**,,**
....#))..##.##*#e'...#*,,,,+,,,,,
###+#))######,,#######***********
#...#(#####**********************
#...#.(§≈≈+,*,+,,,+,*,*,*,+,,,≈≈*
#...#.#§§≈#,*,*,,,**,*,*,**,,,≈≈*
#...'.#§§.#,*,*,,,*,*,*,*,*,,,≈≈≈
'...#.#§§.#,,,*,,,**,*,*,**,,,≈≈≈
▓▓▓▓▓▓▓*▓▓▓********,*,*,*,*,,,,,,


You could see a deep elf mage.

Vanquished Creatures
  5 deep elf magi (D)
  A shadow (D)
  An orc warrior (D)
  A necrophage (D)
  A water elemental (D)
  A jelly (D)
  A wizard (D)
  An orc wizard (D)
  Jessica (D)
  A necromancer (D)
  A kobold demonologist (D)
  3 humans (D)
  A wolf (D)
  2 oozes (D)
  A rat (D)
22 creatures vanquished.

Vanquished Creatures (collateral kills)
  Erica (D)
  3 orc high priests (D)
  An orc knight (D)
  An orc priest (D)
  3 orc wizards (D)
  7 orcs (D)
16 creatures vanquished.

Vanquished Creatures (others)
  2 draconian scorchers (D)
  6 hellions (D)
  2 yaktaurs (D)
  An orc wizard (D)
  5 plants (D)
16 creatures vanquished.

Grand Total: 54 creatures vanquished

Notes
Turn   | Place    | Note
-------+----------+-------------------------------------------
     0 | D        | Kobolds4U the Minotaur Berserker began the quest for the
                  | Orb.
     0 | D        | Reached XP level 1. HP: 19/19 MP: 0/0
     9 | D        | Reached skill level 5 in Axes
     9 | D        | Reached XP level 2. HP: 24/28 MP: 1/1
    50 | D        | Noticed Jessica
    54 | D        | Reached ** piety under Trog
    57 | D        | Killed Jessica
    57 | D        | Reached skill level 5 in Fighting
    57 | D        | Reached XP level 3. HP: 36/36 MP: 2/2
   130 | D        | Killed a hellion
   148 | D        | Killed a hellion
   161 | D        | Killed a hellion
   169 | D        | Killed a white draconian scorcher
   171 | D        | Killed a hellion
   172 | D        | Killed a hellion
   221 | D        | Killed a hellion
   235 | D        | Killed a yaktaur
   237 | D        | Killed a white draconian scorcher
   358 | D        | Reached XP level 4. HP: 13/44 MP: 3/3
   391 | D        | Gained mutation: You are resistant to hostile enchantments.
                  | (MR+) [potion of mutation]
   391 | D        | Gained mutation: Your skin changes colour to match your
                  | surroundings (Stealth+). [potion of mutation]
   391 | D        | Gained mutation: You are surrounded by a mild repulsion
                  | field. (EV +2) [potion of mutation]
   391 | D        | Gained mutation: You have a somewhat thin skeletal
                  | structure. (Dex +2, Stealth) [potion of mutation]
   392 | D        | Lost mutation: You have a somewhat thin skeletal structure.
                  | (Dex +2, Stealth) [potion of mutation]
   392 | D        | Gained mutation: You expend magic power (3 MP) to
                  | strengthen your wands. [potion of mutation]
   392 | D        | Lost mutation: You are surrounded by a mild repulsion
                  | field. (EV +2) [potion of mutation]
   392 | D        | Gained mutation: Your mind is acute. (Int +2) [potion of
                  | mutation]
   393 | D        | Lost mutation: You are resistant to hostile enchantments.
                  | (MR+) [potion of mutation]
   393 | D        | Lost mutation: Your mind is acute. (Int +2) [potion of
                  | mutation]
   393 | D        | Lost mutation: Your skin changes colour to match your
                  | surroundings (Stealth+). [potion of mutation]
   393 | D        | Lost mutation: You expend magic power (3 MP) to strengthen
                  | your wands. [potion of mutation]
   393 | D        | Gained mutation: Your body sometimes deteriorates upon
                  | taking damage. [potion of mutation]
   393 | D        | Gained mutation: You are somewhat resistant to further
                  | mutation. [potion of mutation]
   394 | D        | Lost mutation: You are somewhat resistant to further
                  | mutation. [potion of mutation]
   394 | D        | Lost mutation: Your body sometimes deteriorates upon taking
                  | damage. [potion of mutation]
   394 | D        | Gained mutation: You have sharp toenails. [potion of
                  | mutation]
   394 | D        | Gained mutation: Your spells are a little harder to cast,
                  | but a little more powerful. [potion of mutation]
   577 | D        | Noticed a water elemental
   581 | D        | Killed a water elemental
   581 | D        | Reached *** piety under Trog
   581 | D        | Reached skill level 5 in Dodging
   762 | D        | Found a radiant altar of Vehumet.
   762 | D        | Found a deep blue altar of Sif Muna.
   762 | D        | Found an ancient bone altar of Kikubaaqudgha.
   762 | D        | Noticed a wizard
   765 | D        | Noticed an ice devil
   767 | D        | Killed a wizard
   767 | D        | Reached XP level 5. HP: 23/52 MP: 4/4
   769 | D        | Noticed a sun demon
   905 | D        | Found a glowing silver altar of Zin.
   905 | D        | Found a glowing golden altar of the Shining One.
   905 | D        | Found a white marble altar of Elyvilon.
   906 | D        | Noticed a deep elf mage
   915 | D        | Killed a deep elf mage
   915 | D        | Reached **** piety under Trog
   915 | D        | Reached skill level 10 in Fighting
   915 | D        | Reached XP level 6. HP: 55/66 MP: 5/5
   915 | D        | Reached XP level 7. HP: 60/72 MP: 6/6
   970 | D        | Found a hide-covered altar of Uskayaw.
   970 | D        | Found a roughly hewn altar of Beogh.
   970 | D        | Found an iron altar of Okawaru.
   970 | D        | Found a bloodstained altar of Trog.
   970 | D        | Found an ornate altar of the Wu Jian Council.
   970 | D        | Noticed a human
   970 | D        | Noticed a human
   977 | D        | Killed a human
   984 | D        | Killed a human
  1067 | D        | Killed a yaktaur
  1191 | D        | Found a basalt altar of Yredelemnul.
  1191 | D        | Found a shadowy altar of Dithmenos.
  1191 | D        | Found a sacrificial altar of Ru.
  1194 | D        | Reached ***** piety under Trog
  1205 | D        | Noticed a shadow
  1212 | D        | Reached XP level 8. HP: 56/82 MP: 5/7
  1213 | D        | Reached skill level 10 in Dodging
  1244 | D        | Found a blossoming altar of Fedhas.
  1244 | D        | Found a stormy altar of Qazlal.
  1244 | D        | Found a snail-covered altar of Cheibriados.
  1244 | D        | Found a burning altar of Makhleb.
  1244 | D        | Found a shimmering altar of Xom.
  1245 | D        | Found a hazy altar of Hepliaklqana.
  1245 | D        | Found an opulent altar of Gozag.
  1245 | D        | Found a sparkling altar of Nemelex Xobeh.
  1245 | D        | Found a corrupted altar of Lugonu.
  1245 | D        | Found a viscous altar of Jiyva.
  1330 | D        | Found Nudayxt's Magic Scroll Shop.
  1330 | D        | Noticed an orc knight
  1330 | D        | Noticed an orc high priest
  1330 | D        | Noticed an orc high priest
  1331 | D        | Noticed Erica
  1342 | D        | Noticed a rust devil
  1342 | D        | Killed Erica
  1342 | D        | Reached skill level 5 in Throwing
  1346 | D        | Received a gift from Trog
  1348 | D        | Killed an orc high priest
  1348 | D        | Received a gift from Trog
  1348 | D        | Reached XP level 9. HP: 29/91 MP: 2/8
  1351 | D        | Received a gift from Trog
  1352 | D        | Noticed an orc high priest
  1354 | D        | Killed an orc knight
  1354 | D        | Noticed a hellwing
  1356 | D        | Noticed a hellwing
  1357 | D        | Noticed a hellwing
  1363 | D        | Killed an orc high priest
  1364 | D        | Received a gift from Trog
  1373 | D        | Killed an orc high priest
  1373 | D        | Reached ****** piety under Trog
  1441 | D        | Bought a scroll of magic mapping for 45 gold pieces
  1599 | D        | Noticed a deep elf mage
  1599 | D        | Noticed a deep elf mage
  1599 | D        | Noticed a deep elf mage
  1599 | D        | Noticed a deep elf mage
  1599 | D        | Noticed a deep elf mage
  1602 | D        | Noticed a jumping spider
  1602 | D        | Noticed a demonic crawler
  1604 | D        | Killed a deep elf mage
  1609 | D        | Killed a deep elf mage
  1609 | D        | Received a gift from Trog
  1609 | D        | Reached skill level 10 in Throwing
  1612 | D        | Killed a deep elf mage
  1612 | D        | Received a gift from Trog
  1612 | D        | Reached XP level 10. HP: 87/103 MP: 3/9
  1615 | D        | Killed a deep elf mage
  1618 | D        | Killed from afar by a deep elf mage

Skill      XL: |  1  2  3  4  5  6  7  8  9 10 |
---------------+-------------------------------+-----
Fighting       | 4 5 7 10 11 12 14 | 14.3
Axes           | 5 6 7 9 13 14 | 14.9
Dodging        | 3 4 6 8 9 11 12 | 12.2
Throwing       | 7 10 | 10.5
Armour         | 7 8 |  8.7

Action                   |  1- 3 |  4- 6 |  7- 9 | 10-12 || total
-------------------------+-------+-------+-------+-------++-------
Melee: Hand axe          |    28 |    17 |    33 |       ||    78
       Headbutt          |     8 |     3 |     6 |       ||    17
       Kick              |       |     6 |    16 |     3 ||    25
       Broad axe         |       |       |    14 |     5 ||    19
Invok: Trog's Hand       |       |     1 |     1 |       ||     2
       Berserk           |       |     1 |     1 |       ||     2
       Brothers in Arms  |       |       |     1 |       ||     1
  Use: Potion            |       |     4 |       |       ||     4
       Scroll            |       |       |     1 |       ||     1
  Eat: Ration            |       |       |     1 |       ||     1
       Chunk             |       |       |     2 |       ||     2
Armor: Animal skin       |     3 |       |       |       ||     3
       Chain mail        |       |       |     1 |     2 ||     3
Dodge: Dodged            |    10 |     7 |    25 |       ||    42
